AoeStats
← 我要干饭啦

Arena

509353072Analyzed
3v3 RM · 7d ago on Sep 26, 2026· 33m 10s· 6 players
Game mode
Random Map
Map size
Normal (6 player)
Population
200
Speed
Normal
Resources
Standard
Victory
Conquest
Starting age
Dark Age
Ending age
Imperial Age
RankedLock teamsTeams togetherTeam positionsShared explorationLock speedFull tech treeHidden civsTurbo modeCheats
Victory
Defeat
🇨🇳 Byzantines · China
1259
+12
🇲🇴 Bohemians · Macao SAR China
1241
+13
🇨🇳 Jurchens · China
1234
+13
🇨🇳 Byzantines · China
1173
-13
🇵🇹 Franks · Portugal
1171
-13
🇳🇱 Malians · Netherlands
1156
-12
YajiuSenpai
7:33 Loom
12:00 Feudal Age
15:33 Castle Age
14:02 Loom
19:48 Imperial Age
17:10 Double-Bit Axe
17:11 Horse Collar
18:33 Padded Archer Armor
19:00 Gold Mining
19:23 Loom
21:31 Chemistry
27:23 Gold Mining
28:24 Wheelbarrow
27:36 Loom
bixo
10:25 Feudal Age
11:55 Double-Bit Axe
14:50 Castle Age
17:24 Bow Saw
21:24 Wheelbarrow
20:35 Loom
20:35 Town Watch
22:58 Gold Mining
22:58 Stone Mining
25:06 Hand Cart
25:33 Gold Shaft Mining
29:00 Imperial Age
27:10 Forging
27:31 Husbandry
27:37 Scale Barding Armor
28:18 Town Patrol
29:58 Iron Casting
29:44 Chain Barding Armor
29:12 Cavalier
32:38 Blast Furnace
Bonkers
4:56 Loom
11:30 Feudal Age
15:05 Castle Age
13:54 Horse Collar
22:00 Stone Mining
22:22 Town Watch
23:57 Gold Mining
25:28 Wheelbarrow
25:37 Double-Bit Axe
25:56 Heavy Plow
27:31 Bow Saw
31:21 Imperial Age
30:56 Ballistics
30:33 Murder Holes
30:52 Forging
30:43 Scale Mail Armor
31:05 Hand Cart
31:16 Fletching
31:26 Padded Archer Armor
32:47 Crop Rotation
32:36 Town Patrol
33:08 Conscription
33:05 Squires
32:51 Arson
何金银
11:19 Feudal Age
15:08 Castle Age
13:51 Double-Bit Axe
16:24 Horse Collar
20:31 Wheelbarrow
22:37 Bow Saw
23:33 Gold Mining
24:02 Fortified Wall
25:58 Loom
26:43 Fletching
26:54 Padded Archer Armor
27:18 Elite Skirmisher
32:21 Imperial Age
31:44 Gold Shaft Mining
31:29 Hand Cart
30:54 Pikeman
31:35 Gambesons
31:50 Squires
31:36 Arson
32:13 Bodkin Arrow
32:33 Leather Archer Armor
32:45 Ballistics
32:48 Heavy Camel Rider
33:29 Husbandry
长崎舞喜姬
10:12 Feudal Age
14:18 Castle Age
12:26 Double-Bit Axe
13:29 Horse Collar
21:03 Fervor
21:39 Bow Saw
23:48 Wheelbarrow
23:38 Heavy Plow
27:11 Imperial Age
24:54 Scale Mail Armor
26:59 Chemistry
26:20 Ballistics
28:06 Padded Archer Armor
29:55 Leather Archer Armor
30:18 Forging
30:23 Chain Mail Armor
29:31 Pikeman
30:11 Squires
29:57 Arson
31:39 Two-Man Saw
31:12 Ring Archer Armor
30:56 Halberdier
32:42 Iron Casting
34:05 Plate Mail Armor
我要干饭啦
10:17 Feudal Age
14:00 Castle Age
12:28 Double-Bit Axe
12:28 Horse Collar
16:02 Bow Saw
16:29 Heavy Plow
17:35 Loom
24:22 Wheelbarrow
24:16 Stone Mining
24:21 Gold Mining
25:33 Hand Cart
27:02 Scale Barding Armor
27:11 Forging
30:45 Imperial Age
29:06 Chain Barding Armor
29:31 Iron Casting
30:38 Gold Shaft Mining
30:38 Stone Shaft Mining
29:45 Treadmill Crane
30:11 Siege Engineers
30:27 Ballistics
31:03 Elite Iron Pagoda
32:04 Conscription
33:15 Two-Man Saw
32:47 Crop Rotation
32:55 Fortified Bastions
32:27 Capped Ram
Connection lost

Rejoining the realm…

Still unreachable

The connection could not be restored.

Session expired

The server has moved on; the page needs a fresh start.